| TOP OF THE 1ST |
|
Milwaukee Creams batting - Pitching for Cincinnati Reds : RHP Mike Mussina
|
|
Pitching: RHP Mike Mussina
|
|
|
Batting: RHB Mark Loretta
|
0-0: Ball 1-0: Called Strike 1-1: Ball 2-1: Ball 3-1: Foul Ball, location: 2F 3-2: Foul Ball, location: 2F 3-2: Strikes out swinging
|
|
Batting: LHB Tom Goodwin
|
0-0: Ball 1-0: Swinging Strike 1-1: Ball 2-1: SOLO HOME RUN (Flyball, 89XD, EV 102.5 MPH), Distance : 381 ft
|
|
Batting: SHB Ken Caminiti
|
0-0: SINGLE (Groundball, 3D, EV 108.1 MPH)
|
|
Batting: LHB Carlos Delgado
|
Pickoff Throw to First - Out! 1-3 0-0: Ball 1-0: Foul Ball, location: 2F 1-1: Foul Ball, location: 2F 1-2: Ball 2-2: Strikes out swinging
|
| Top of the 1st over - 1 run, 2 hits, 0 errors, 0 left on base; Milwaukee 1 - Cincinnati 0 |
| BOTTOM OF THE 1ST |
|
Cincinnati Reds batting - Pitching for Milwaukee Creams : LHP Matt Young
|
|
Pitching: LHP Matt Young
|
|
|
Batting: LHB Fernando Vina
|
0-0: Ball 1-0: Called Strike 1-1: Called Strike 1-2: Ball 2-2: Ground out 4-3 (Groundball, 4, EV 105.0 MPH)
|
|
Batting: SHB Bernie Williams
|
0-0: Ball 1-0: Ball 2-0: Ball 3-0: Base on Balls
|
|
Batting: RHB Javy Lopez
|
0-0: Called Strike 0-1: Swinging Strike 0-2: Strikes out swinging
|
|
Batting: LHB Bobby Higginson
|
0-0: Foul Ball, location: 2F 0-1: Called Strike 0-2: Ball 1-2: Fielders Choice at 2nd, 6-4 (Groundball, 6, EV 106.9 MPH)
|
| Bottom of the 1st over - 0 runs, 0 hits, 0 errors, 1 left on base; Milwaukee 1 - Cincinnati 0 |
| TOP OF THE 2ND |
|
Milwaukee Creams batting - Pitching for Cincinnati Reds : RHP Mike Mussina
|
|
Batting: LHB John Elway
|
0-0: Swinging Strike 0-1: Ball 1-1: Called Strike 1-2: Ball 2-2: Strikes out looking
|
|
Batting: SHB Gerald Young
|
0-0: Called Strike 0-1: Ball 1-1: Ball 2-1: Foul Ball, location: 2F 2-2: Foul Ball, location: 2F 2-2: Foul Ball, location: 2F 2-2: Ball 3-2: Base on Balls
|
|
Batting: SHB Jorge Posada
|
0-0: Ball Gerald Young steals 2nd base 1-0: Foul Ball, location: 2F 1-1: Ball 2-1: Foul Ball, location: 2F 2-2: Fly out, F8 (Flyball, 89M, EV 91.9 MPH)
|
|
Batting: RHB Mike Lansing
|
0-0: Foul Ball, location: 2F 0-1: Fly out, F3 (Popup, 23F, EV 78.8 MPH)
|
| Top of the 2nd over - 0 runs, 0 hits, 0 errors, 1 left on base; Milwaukee 1 - Cincinnati 0 |
| BOTTOM OF THE 2ND |
|
Cincinnati Reds batting - Pitching for Milwaukee Creams : LHP Matt Young
|
|
Batting: LHB Fred McGriff
|
0-0: Foul Ball, location: 2F 0-1: Called Strike 0-2: Foul Ball, location: 2F 0-2: Ball 1-2: Ball 2-2: Strikes out looking
|
|
Batting: SHB Omar Vizquel
|
0-0: Swinging Strike 0-1: Foul Ball, location: 2F 0-2: Fly out, F8 (Flyball, 8RD, EV 98.8 MPH)
|
|
Batting: RHB Miguel Cairo
|
0-0: SINGLE (Flyball, 4D, EV 88.8 MPH)
|
|
Batting: SHB Scott Spiezio
|
0-0: Ball 1-0: Foul Ball, location: 2F 1-1: Foul Ball, location: 2F 1-2: Foul Ball, location: 2F 1-2: Fly out, F7 (Flyball, 7D, EV 106.9 MPH)
|
| Bottom of the 2nd over - 0 runs, 1 hit, 0 errors, 1 left on base; Milwaukee 1 - Cincinnati 0 |
| TOP OF THE 3RD |
|
Milwaukee Creams batting - Pitching for Cincinnati Reds : RHP Mike Mussina
|
|
Batting: RHB Rey Sanchez
|
0-0: Ball 1-0: Called Strike 1-1: Ground out 6-3 (Groundball, 6, EV 82.5 MPH)
|
|
Batting: RHB Mark Loretta
|
0-0: Called Strike 0-1: Swinging Strike 0-2: Foul Ball, location: 2F 0-2: Ball 1-2: Fly out, F9 (Flyball, 89D, EV 93.1 MPH)
|
|
Batting: LHB Tom Goodwin
|
0-0: Called Strike 0-1: Ground out 6-3 (Groundball, 6, EV 99.4 MPH)
|
| Top of the 3rd over - 0 runs, 0 hits, 0 errors, 0 left on base; Milwaukee 1 - Cincinnati 0 |
| BOTTOM OF THE 3RD |
|
Cincinnati Reds batting - Pitching for Milwaukee Creams : LHP Matt Young
|
|
Batting: SHB Dwayne Hosey
|
0-0: Ball 1-0: Ball 2-0: Ball 3-0: Base on Balls
|
|
Batting: LHB Fernando Vina
|
0-0: Bunt missed! 0-1: Ball 1-1: Ball 2-1: Called Strike 2-2: Ball 3-2: Fielders Choice at 2nd, 5-4 (Groundball, 5, EV 95.6 MPH)
|
|
Batting: SHB Bernie Williams
|
0-0: Ball 1-0: Ball 2-0: Called Strike 2-1: Fly out, F6 (Popup, 56D, EV 68.8 MPH)
|
|
Batting: RHB Javy Lopez
|
0-0: Swinging Strike 0-1: Called Strike 0-2: Foul Ball, location: 2F 0-2: Strikes out swinging
|
| Bottom of the 3rd over - 0 runs, 0 hits, 0 errors, 1 left on base; Milwaukee 1 - Cincinnati 0 |
| TOP OF THE 4TH |
|
Milwaukee Creams batting - Pitching for Cincinnati Reds : RHP Mike Mussina
|
|
Batting: SHB Ken Caminiti
|
0-0: Called Strike 0-1: Ball 1-1: Called Strike 1-2: Ball 2-2: Foul Ball, location: 2F 2-2: Ball 3-2: Fly out, F8 (Flyball, 8LS, EV 98.1 MPH)
|
|
Batting: LHB Carlos Delgado
|
0-0: Called Strike 0-1: Ball 1-1: Fly out, F3 (Popup, 3SF, EV 70.0 MPH)
|
|
Batting: LHB John Elway
|
0-0: Foul Ball, location: 2F 0-1: Ball 1-1: SOLO HOME RUN (Flyball, 9D, EV 111.3 MPH), Distance : 382 ft
|
|
Batting: SHB Gerald Young
|
0-0: Swinging Strike 0-1: Ball 1-1: Foul Ball, location: 2F 1-2: SINGLE (Groundball, 4D, EV 103.1 MPH)
|
|
Batting: SHB Jorge Posada
|
0-0: Ball 1-0: Swinging Strike 1-1: Swinging Strike 1-2: Ball Gerald Young steals 2nd base 2-2: Strikes out swinging
|
| Top of the 4th over - 1 run, 2 hits, 0 errors, 1 left on base; Milwaukee 2 - Cincinnati 0 |
| BOTTOM OF THE 4TH |
|
Cincinnati Reds batting - Pitching for Milwaukee Creams : LHP Matt Young
|
|
Batting: LHB Bobby Higginson
|
0-0: Fly out, F6 (Popup, 15, EV 78.8 MPH)
|
|
Batting: LHB Fred McGriff
|
0-0: Swinging Strike 0-1: Swinging Strike 0-2: Foul Ball, location: 2F 0-2: Foul Ball, location: 2F 0-2: Strikes out looking
|
|
Batting: SHB Omar Vizquel
|
0-0: Called Strike 0-1: Foul Ball, location: 2F 0-2: Ball 1-2: Strikes out swinging
|
| Bottom of the 4th over - 0 runs, 0 hits, 0 errors, 0 left on base; Milwaukee 2 - Cincinnati 0 |
| TOP OF THE 5TH |
|
Milwaukee Creams batting - Pitching for Cincinnati Reds : RHP Mike Mussina
|
|
Batting: RHB Mike Lansing
|
0-0: Ball 1-0: Ball 2-0: Called Strike 2-1: Foul Ball, location: 2F 2-2: Ground out 1-3 (Groundball, 13S, EV 70.0 MPH)
|
|
Batting: RHB Rey Sanchez
|
0-0: Foul Ball, location: 2F 0-1: Fly out, F9 (Flyball, 9LS, EV 96.3 MPH)
|
|
Batting: RHB Mark Loretta
|
0-0: Foul Ball, location: 2F 0-1: Ball 1-1: Swinging Strike 1-2: SINGLE (Groundball, 56D, EV 94.4 MPH)
|
|
Batting: LHB Tom Goodwin
|
0-0: Called Strike 0-1: Ball 1-1: Called Strike 1-2: Foul Ball, location: 2F 1-2: Ground out 4-3 (Groundball, 4MD, EV 105.6 MPH)
|
| Top of the 5th over - 0 runs, 1 hit, 0 errors, 1 left on base; Milwaukee 2 - Cincinnati 0 |
| BOTTOM OF THE 5TH |
|
Cincinnati Reds batting - Pitching for Milwaukee Creams : LHP Matt Young
|
|
Batting: RHB Miguel Cairo
|
0-0: SINGLE (Line Drive, 34, EV 98.8 MPH)
|
|
Batting: SHB Scott Spiezio
|
0-0: Ball 1-0: Ball 2-0: Ball 3-0: Called Strike 3-1: Foul Ball, location: 2F 3-2: Base on Balls Miguel Cairo to second
|
|
Batting: SHB Dwayne Hosey
|
0-0: Bunt missed! 0-1: Ball 1-1: Sac Bunt to 2R - play at first, batter OUT! 2-4 Miguel Cairo to third Scott Spiezio to second
|
|
Batting: LHB Fernando Vina
|
0-0: Ball 1-0: Foul Ball, location: 2F 1-1: Ball 2-1: Ball 3-1: Ground out 5-3 (Groundball, 5S, EV 64.4 MPH)
|
|
Batting: SHB Bernie Williams
|
0-0: Ball 1-0: Foul Ball, location: 2F 1-1: Foul Ball, location: 2F 1-2: Ball 2-2: SINGLE (Flyball, 9S, EV 93.1 MPH) Miguel Cairo scores Scott Spiezio to third Runner from 3rd tries for Home, SAFE, throw by RF to home
|
|
Batting: RHB Javy Lopez
|
0-0: Ball 1-0: Ball 2-0: Foul Ball, location: 2F 2-1: 2-RUN HOME RUN (Flyball, 89XD, EV 102.5 MPH), Distance : 401 ft
|
|
Batting: LHB Bobby Higginson
|
0-0: Ball 1-0: Foul Ball, location: 2F 1-1: Ball 2-1: Fly out, F8 (Flyball, 8LD, EV 100.0 MPH)
|
| Bottom of the 5th over - 4 runs, 3 hits, 0 errors, 0 left on base; Milwaukee 2 - Cincinnati 4 |
| TOP OF THE 6TH |
|
Milwaukee Creams batting - Pitching for Cincinnati Reds : RHP Mike Mussina
|
|
Batting: SHB Ken Caminiti
|
0-0: Swinging Strike 0-1: Foul Ball, location: 2F 0-2: Fly out, F7 (Flyball, 7LM, EV 99.4 MPH)
|
|
Batting: LHB Carlos Delgado
|
0-0: Ball 1-0: Ball 2-0: Called Strike 2-1: Called Strike 2-2: Ground out U3 (Groundball, 34, EV 106.9 MPH)
|
|
Batting: LHB John Elway
|
0-0: Foul Ball, location: 2F 0-1: Ball 1-1: Fly out, F9 (Flyball, 9S, EV 71.3 MPH)
|
| Top of the 6th over - 0 runs, 0 hits, 0 errors, 0 left on base; Milwaukee 2 - Cincinnati 4 |
| BOTTOM OF THE 6TH |
|
Cincinnati Reds batting - Pitching for Milwaukee Creams : LHP Matt Young
|
|
Batting: LHB Fred McGriff
|
0-0: Ball 1-0: Called Strike 1-1: Foul Ball, location: 2F 1-2: Ball 2-2: Fly out, F8 (Flyball, 8RM, EV 88.1 MPH)
|
|
Batting: SHB Omar Vizquel
|
0-0: Ball 1-0: Ball 2-0: Ground out 5-3 (Groundball, 56, EV 101.3 MPH)
|
|
Batting: RHB Miguel Cairo
|
0-0: Ball 1-0: Ball 2-0: SINGLE (Line Drive, 7S, EV 103.1 MPH)
|
|
Batting: SHB Scott Spiezio
|
0-0: Called Strike 0-1: Fly out, F8 (Flyball, 8RD, EV 89.4 MPH)
|
| Bottom of the 6th over - 0 runs, 1 hit, 0 errors, 1 left on base; Milwaukee 2 - Cincinnati 4 |
| TOP OF THE 7TH |
|
Milwaukee Creams batting - Pitching for Cincinnati Reds : RHP Mike Mussina
|
|
Batting: SHB Gerald Young
|
0-0: Called Strike 0-1: Ground out 5-3 (Groundball, 25, EV 70.0 MPH)
|
|
Batting: SHB Jorge Posada
|
0-0: Foul Ball, location: 2F 0-1: Foul Ball, location: 2F 0-2: Foul Ball, location: 2F 0-2: Fly out, F7 (Flyball, 7D, EV 95.6 MPH)
|
|
Batting: RHB Mike Lansing
|
0-0: Foul Ball, location: 2F 0-1: DOUBLE (Line Drive, 89D, EV 103.1 MPH)
|
|
Batting: RHB Rey Sanchez
|
0-0: Reached on error, E2 (Groundball, 2R, EV 72.5 MPH) Mike Lansing to third
|
|
Pinch Hitting: SHB Chipper Jones
|
0-0: Ball 1-0: Ball 2-0: Swinging Strike 2-1: Ball 3-1: Ground out 4-3 (Groundball, 34, EV 95.6 MPH)
|
| Top of the 7th over - 0 runs, 1 hit, 1 error, 2 left on base; Milwaukee 2 - Cincinnati 4 |
| BOTTOM OF THE 7TH |
|
Cincinnati Reds batting - Pitching for Milwaukee Creams : LHP Matt Young
|
|
Now at 3B: Chipper Jones
|
|
|
Batting: SHB Dwayne Hosey
|
0-0: Called Strike 0-1: Fly out, F3 (Popup, 3F, EV 72.5 MPH)
|
|
Batting: LHB Fernando Vina
|
0-0: Ball 1-0: Called Strike 1-1: Foul Ball, location: 2F 1-2: Ball 2-2: Fly out, F5 (Line Drive, 5, EV 76.9 MPH)
|
|
Batting: SHB Bernie Williams
|
0-0: Ball 1-0: Ball 2-0: Ball 3-0: Ground out 4-3 (Groundball, 4, EV 87.5 MPH)
|
| Bottom of the 7th over - 0 runs, 0 hits, 0 errors, 0 left on base; Milwaukee 2 - Cincinnati 4 |
| TOP OF THE 8TH |
|
Milwaukee Creams batting - Pitching for Cincinnati Reds : RHP Mike Mussina
|
|
Pitching: RHP Doug Henry
|
|
|
Batting: LHB Tom Goodwin
|
0-0: Ball 1-0: Called Strike 1-1: Ball 2-1: Swinging Strike 2-2: Ball 3-2: Foul Ball, location: 2F 3-2: Base on Balls
|
|
Batting: SHB Ken Caminiti
|
0-0: Swinging Strike 0-1: Ball 1-1: Ball 2-1: Called Strike 2-2: Ball 3-2: Base on Balls Tom Goodwin to second
|
|
Batting: LHB Carlos Delgado
|
0-0: Ball 1-0: Ball 2-0: Ball 3-0: Base on Balls Tom Goodwin to third Ken Caminiti to second
|
|
Batting: LHB John Elway
|
0-0: Called Strike 0-1: Ball 1-1: Fly out, F7 (Flyball, 7, EV 77.5 MPH) Runner from 3rd tags up, SCORES, no throw by LF
|
|
Batting: SHB Gerald Young
|
0-0: Ball 1-0: Sac Bunt to 5S - play at first, batter OUT! 5-3 Ken Caminiti to third Carlos Delgado to second
|
|
Batting: SHB Jorge Posada
|
0-0: Ball 1-0: Ball 2-0: Foul Ball, location: 2F 2-1: Called Strike 2-2: Ball 3-2: 3-RUN HOME RUN (Flyball, 7D, EV 91.9 MPH), Distance : 374 ft
|
|
Pitching: LHP Arthur Rhodes
|
|
|
Batting: RHB Mike Lansing
|
0-0: Called Strike 0-1: SINGLE (Line Drive, 34, EV 99.4 MPH)
|
|
Batting: RHB Rey Sanchez
|
0-0: Called Strike 0-1: Ball 1-1: Ball 2-1: Ground out 1-3 (Groundball, P, EV 88.8 MPH)
|
| Top of the 8th over - 4 runs, 2 hits, 0 errors, 1 left on base; Milwaukee 6 - Cincinnati 4 |
| BOTTOM OF THE 8TH |
|
Cincinnati Reds batting - Pitching for Milwaukee Creams : LHP Matt Young
|
|
Pitching: LHP Rob Murphy
|
|
|
Batting: RHB Javy Lopez
|
0-0: Called Strike 0-1: Called Strike 0-2: Ball 1-2: Fly out, F9 (Flyball, 9D, EV 92.5 MPH)
|
|
Batting: LHB Bobby Higginson
|
0-0: Called Strike 0-1: Ground out 4-3 (Groundball, 4, EV 93.1 MPH)
|
|
Batting: LHB Fred McGriff
|
0-0: Called Strike 0-1: Swinging Strike 0-2: Strikes out swinging
|
| Bottom of the 8th over - 0 runs, 0 hits, 0 errors, 0 left on base; Milwaukee 6 - Cincinnati 4 |
| TOP OF THE 9TH |
|
Milwaukee Creams batting - Pitching for Cincinnati Reds : LHP Arthur Rhodes
|
|
Batting: SHB Chipper Jones
|
0-0: Called Strike 0-1: Ball 1-1: Swinging Strike 1-2: Strikes out swinging
|
|
Batting: LHB Tom Goodwin
|
0-0: Ball 1-0: Foul Ball, location: 2F 1-1: Ball 2-1: Foul Ball, location: 2F 2-2: Strikes out swinging
|
|
Batting: SHB Ken Caminiti
|
0-0: Ball 1-0: Called Strike 1-1: Ball 2-1: Swinging Strike 2-2: Strikes out swinging
|
| Top of the 9th over - 0 runs, 0 hits, 0 errors, 0 left on base; Milwaukee 6 - Cincinnati 4 |
| BOTTOM OF THE 9TH |
|
Cincinnati Reds batting - Pitching for Milwaukee Creams : LHP Rob Murphy
|
|
Batting: SHB Omar Vizquel
|
0-0: Called Strike 0-1: Ball 1-1: Called Strike 1-2: Ball 2-2: Strikes out swinging
|
|
Batting: RHB Miguel Cairo
|
0-0: Foul Ball, location: 2F 0-1: Ground out 4-3 (Groundball, 4M, EV 81.3 MPH)
|
|
Batting: SHB Scott Spiezio
|
0-0: Ball 1-0: Called Strike 1-1: Ball 2-1: Ball 3-1: Ground out 5-3 (Groundball, 56S, EV 64.4 MPH)
|
| Bottom of the 9th over - 0 runs, 0 hits, 0 errors, 0 left on base; Milwaukee 6 - Cincinnati 4 |
|